 Dungeon Crawl Stone Soup version 0.30-a0-930-gb9d0489357 (webtiles) character file.

Game seed: 10346333436965431368

162 tilp the Slasher (level 6, 0/52 HPs)
             Began as a Meteoran Fighter on Mar 23, 2023.
             Slain by Dowan
             ... wielding a +0 dagger
              (3 damage)
             ... on level 4 of the Dungeon.
             The game lasted 00:02:12 (479 turns).

tilp the Slasher (Meteoran Fighter)                  Turns: 479, Time: 00:02:12

Health: 0/52       AC:  9    Str: 18    XL:     6   Next: 2%
Magic:  7/7        EV:  7    Int:  9    God:
Gold:   58         SH:  5    Dex: 16    Spells: 5/5 levels left

rFire   . . .      SeeInvis .    a - +0 long sword (chaos)
rCold   . . .      Faith    .    c - +0 buckler
rNeg    . . .      Spirit   .    f - +0 chain mail
rPois   .          Reflect  .    (no helmet)
rElec   .          Rampage  .    (no cloak)
rCorr   .                        (no gloves)
Will    +....                    (no boots) Stlth
                                 (no amulet)
HPRegen 0.28/turn                h - ring of willpower
MPRegen 0.10/turn                (no ring)

@: mighty, glowing
A: sense surroundings 1, otherworldly, glowing, explore regen
a: no special abilities


You were on level 4 of the Dungeon.
You visited 1 branch of the dungeon, and saw 4 of its levels.

You collected 58 gold pieces.

Inventory:

Hand Weapons
 a - a +0 long sword of chaos (weapon)
Missiles
 e - 3 boomerangs (quivered)
 j - 5 stones
Armour
 c - a +0 buckler (worn)
 f - a +0 chain mail (worn)
Jewellery
 h - a ring of willpower (left hand)
Scrolls
 k - a scroll of fog
Potions
 b - a potion of cancellation
 g - a potion of curing {unknown}
 i - a potion of heal wounds {unknown}


   Skills:
 - Level 4.0 Fighting
 * Level 5.6 Long Blades
 - Level 3.6 Armour
 - Level 2.0 Dodging
 - Level 3.6 Shields


You had 5 spell levels left.
You didn't know any spells.
Your spell library was empty.

Dungeon Overview and Level Annotations

Branches:
Dungeon (4/15) Zot: 1887
 Temple: D:4-7

Altars:

Annotations:
D:3 Robin
D:4 Dowan


Innate Abilities, Weirdness & Mutations

You passively map a small area around you.
You are easily found by Zot.
You glow in the dark.
You regain HP and MP as you explore.


Message History

Duvessa is almost dead.
Dowan casts a spell at Duvessa.
Duvessa seems to speed up.
The goblin hits you but does no damage.
Duvessa gestures with her weapon.
Duvessa hits you with a +0 short sword.
Unknown command.
You barely miss Duvessa.
Duvessa is almost dead.
Duvessa hits you with a +0 short sword. Dowan barely misses you.
The goblin hits you with a +0 club. Duvessa hits you with a +0 short sword!
* * * LOW HITPOINT WARNING * * *
You block the goblin's attack.
Dowan says, "My weaknesses are her strengths!"
Dowan hits you with a +0 dagger.
* * * LOW HITPOINT WARNING * * *
You hit Duvessa.
You kill Duvessa!
Dowan's eyes darken. "You have made a black mistake."
Dowan seems to find hidden reserves of power!
You block Dowan's attack. The goblin hits you but does no damage.
You block Dowan's attack.
Training target 4.0 for Fighting reached!
Training target 2.0 for Dodging reached!
Your Fighting skill increases to level 4!
Your Long Blades skill gained 2 levels and is now at level 5!
Your Dodging skill increases to level 2!
You have reached level 5!
You have reached level 6!
You feel agile.
You barely miss Dowan. Dowan hits you but does no damage.
The goblin closely misses you.
You closely miss Dowan. Dowan hits you with a +0 dagger.
* * * LOW HITPOINT WARNING * * *
The goblin hits you with a +0 club.
* * * LOW HITPOINT WARNING * * *
Dowan points at you and mumbles some strange words.
The stone arrow hits you!
* * * LOW HITPOINT WARNING * * *
You closely miss Dowan. Dowan hits you with a +0 dagger.
You die...

, , * #.#.... **
*...... ,* .. ,
..... ..# , , ,
#....###.##.., *
#*#...$....#..#
#.##.#..##.......
,,
........g......# ,
, ,, ,
#..@e.....## , * *
#..##)......# , ,,
~ #...#.......#
.............#.. ,
..........<..# ,
#...........#....#
, * ......#...###
..... ,,
.#........ , ....
, ,#........ ,,
...


You could see Dowan (fast) and a goblin.

Vanquished Creatures
  Duvessa (D:4)
  2 adders (D:2)
  2 endoplasms
  3 giant cockroaches (D:2)
  3 hobgoblins
  4 jackals (D:2)
  3 quokkas
  8 ball pythons
  A bat (D:3)
  3 frilled lizards
  5 goblins
35 creatures vanquished.

Vanquished Creatures (others)
  A fungus (D:1)
1 creature vanquished.

Grand Total: 36 creatures vanquished

Notes
Turn   | Place    | Note
-------+----------+-------------------------------------------
     0 | D:1      | tilp the Meteoran Fighter began the quest for the Orb.
     0 | D:1      | Reached XP level 1. HP: 19/19 MP: 2/2
    67 | D:1      | Reached XP level 2. HP: 26/26 MP: 3/3
   114 | D:2      | Reached skill level 3 in Long Blades
   114 | D:2      | Reached skill level 1 in Dodging
   114 | D:2      | Reached XP level 3. HP: 31/31 MP: 4/4
   272 | D:2      | Reached XP level 4. HP: 40/40 MP: 5/5
   284 | D:3      | Noticed Robin
   461 | D:4      | Noticed Duvessa
   462 | D:4      | Noticed Dowan
   476 | D:4      | Killed Duvessa
   477 | D:4      | Reached skill level 5 in Long Blades
   477 | D:4      | Reached XP level 5. HP: 16/46 MP: 6/6
   477 | D:4      | Reached XP level 6. HP: 19/52 MP: 7/7
   478 | D:4      | HP: 2/52 [Dowan/stone arrow (15)]
   479 | D:4      | Slain by Dowan

Illustrated notes

Levels and vault maps discovered:
D:1:      dpeg_arrival_orchard, layout_basic, dreamdust_mushroom_princess,
          st_stairs_10
D:2:      layout_rooms, basic_altar, kennysheep_boxes, uniq_natasha
D:3:      layout_basic, moated_statue, uniq_jessica, uniq_robin
D:4:      layout_cave_pools, portal_sewer_entry_d, uniq_duvessa, uniq_edmund

Skill      XL: |  1  2  3  4 |
---------------+-------------+-----
Long Blades    | 3 5 |  5.6
Dodging        | 1 2 |  2.0
Fighting       | 4 |  4.0
Armour         | |  3.6
Shields        | |  3.6

Action                     |  1- 3 |  4- 6 || total
---------------------------+-------+-------++-------
  Melee: Long sword        |    88 |    31 ||   119
  Throw: Boomerang         |       |     1 ||     1
    Use: Scroll            |       |     4 ||     4
         Potion            |       |     1 ||     1
 Armour: Chain mail        |    60 |    16 ||    76
         Scale mail        |     4 |       ||     4
  Dodge: Dodged            |    39 |    13 ||    52
  Block: Buckler           |    21 |     9 ||    30

Table legend: (Time is in decaauts)
 A = Elapsed time spent in this place.
 B = Non-inter-level travel time spent in this place.
 C = Inter-level travel time spent in this place.
 D = Time resting spent in this place.
 E = Time spent auto-exploring this place.
 F = Levels seen in this place.
 G = Mean time per level.
                   A        B        C        D        E       F      G
               +--------+--------+--------+--------+--------+-----+--------+
         Total |    510 |    510 |      0 |      0 |      0 |   4 |  127.5 |
       Dungeon |    510 |    510 |      0 |      0 |      0 |   4 |  127.5 |
               +--------+--------+--------+--------+--------+-----+--------+

Top non-repeatable levels by time:
     D:2: 231 daAuts
     D:3: 144 daAuts
     D:1: 113 daAuts
     D:4: 20 daAuts
